 Dungeon Sprint DCSS version 0.21-a0-331-gfb491b4 (webtiles) character file.

46863 Kidiri the Sorcerer (level 13, -2/91 HPs)
             Began as a Deep Elf Fire Elementalist on Oct 2, 2017.
             Was the Champion of Vehumet.
             Slain by a ghost moth (7 damage)
             ... called by a spriggan druid
             ... in the Dungeon (Sprint III: "The Ten Rune Challenge").
             The game lasted 00:30:41 (5982 turns).

Kidiri the Sorcerer (Deep Elf Fire Elementalist)    Turns: 5982, Time: 00:30:42

Health: -2/91      AC:  9    Str:  9 (11) XL:     13   Next: 39%
Magic:  12/41      EV: 19    Int: 28 (29) God:    Vehumet [******]
Gold:   3110       SH:  0    Dex: 17      Spells: 0/56 levels left

rFire    . . .     SeeInvis .   y - +2 dagger (venom)
rCold    + . .     Gourm    .   (no shield)
rNeg     . . .     Faith    .   x - +2 troll leather armour
rPois    +         Spirit   .   w - +2 hat
rElec    +         Reflect  .   (no cloak)
rCorr    .         Harm     .   (no gloves)
MR       ++++.     NoTele   +   (no boots)
Stlth    ++........             (no amulet)
HPRegen  0.65/turn              s - ring "Zirriob" {*Slow rPois rF+ rC+ Int+3}
MPRegen  0.27/turn              k - ring of Zemumich {rElec rPois rF- MR+++ Str+4}

@: slowed, very slow
A: agile 1, robust 1, strong 1, wild magic 1
}: 1/10 runes: barnacled
a: Renounce Religion


You were in the Dungeon.
You worshipped Vehumet.
Vehumet was exalted by your worship.
You were hungry.

You visited 1 branch You collected 3350 gold pieces.
You spent 240 gold pieces at shops.

Inventory:

Hand Weapons
 y - a +2 dagger of venom (weapon)
 M - the +6 falchion of Zucyom {slice, *Noise rPois rN+ Str+7}
   (You took it off a deep elf death mage in the Dungeon)

   It inflicts extra damage upon your enemies.
   It affects your strength (+7).
   It protects you from poison.
   It protects you from negative energy.
   It may make noises in combat.
Missiles
 i - 4 throwing nets (quivered)
Armour
 w - a +2 hat (worn)
 x - a +2 troll leather armour (worn)
Magical Staves
 n - an uncursed staff of fire
Jewellery
 k - the ring of Zemumich (right hand) {rElec rPois rF- MR+++ Str+4}
   (You found it in the Dungeon)

   [ring of strength]

   It affects your strength (+4).
   It makes you vulnerable to fire.
   It insulates you from electricity.
   It protects you from poison.
   It affects your resistance to hostile enchantments.
 l - an uncursed ring of magical power
 s - the ring "Zirriob" (left hand) {*Slow rPois rF+ rC+ Int+3}
   (You found it in the Dungeon)

   [ring of poison resistance]

   It affects your intelligence (+3).
   It protects you from fire.
   It protects you from cold.
   It protects you from poison.
   It may slow you when you take damage.
Wands
 a - a wand of acid (6/15)
 v - a wand of lightning (10/15)
Scrolls
 e - 5 scrolls of amnesia {unknown}
 f - 3 scrolls of identify {unknown}
 g - a scroll of immolation {unknown}
 h - a scroll of torment {unknown}
 m - 3 scrolls of remove curse {unknown}
 o - a scroll of magic mapping {unknown}
 L - a scroll of silence {unknown}
Potions
 b - 2 potions of heal wounds
 d - 2 potions of curing
 j - 2 potions of berserk rage
 q - a potion of brilliance
 r - a potion of haste
 t - 2 potions of lignification
 u - a potion of magic
 z - a potion of agility
 A - a potion of degeneration {unknown}
 B - a potion of resistance {unknown}
 C - 5 potions of mutation
Books
 D - a book of Air

   Spells                             Type                      Level
   a - Shock                          Conjuration/Air              1
   b - Swiftness                      Charms/Air                   2
   c - Static Discharge               Conjuration/Air              3
   d - Airstrike                      Air                          4
   e - Lightning Bolt                 Conjuration/Air              5
 E - a book of Burglary

   Spells                             Type                      Level
   a - Swiftness                      Charms/Air                   2
   b - Passwall                       Transmutation/Earth          2
   c - Passage of Golubria            Translocation                4
   d - Lee's Rapid Deconstruction     Earth                        5
   e - Darkness                       Hexes                        6
   f - Invisibility                   Hexes                        6
Comestibles
 c - 3 bread rations
 p - 28 royal jellies
 F - 4 chunks of flesh
 G - 6 fruits


   Skills:
 + Level 10.3 Fighting
 - Level 8.4 Short Blades
 + Level 10.4 Armour
 - Level 10.2 Dodging
 - Level 2.4 Stealth
 * Level 22.3 Spellcasting
 + Level 14.3 Conjurations
 + Level 14.6 Fire Magic
 + Level 10.1 Ice Magic
 + Level 7.1 Air Magic
 + Level 10.6 Earth Magic


You couldn't memorise any spells.
You knew the following spells:

 Your Spells              Type           Power        Failure   Level  Hunger
a - Flame Tongue          Conj/Fire      #####        1%          1    None
b - Throw Flame           Conj/Fire      ######       1%          2    None
c - Conjure Flame         Conj/Fire      #######.     1%          3    None
d - Inner Flame           Hex/Fire       #######.     1%          3    None
e - Sticky Flame          Conj/Fire      #######.     1%          4    None
f - Fireball              Conj/Fire      #######...   1%          5    None
g - Bolt of Fire          Conj/Fire      #######...   1%          6    None
h - Fire Storm            Conj/Fire      #######...   58%         9    ######.
i - Bolt of Cold          Conj/Ice       #######...   1%          6    None
j - Freezing Cloud        Conj/Ice/Air   #######...   1%          6    None
k - Stone Arrow           Conj/Erth      ######       1%          3    None
l - Lehudib's Crystal Sp  Conj/Erth      #######...   19%         8    #####..


Dungeon Overview and Level Annotations

Branches:
Dungeon (1/1)

Altars:
Cheibriados
Dithmenos
Elyvilon
Fedhas
Gozag
Hepliaklqana
Kikubaaqudgha
Makhleb
Nemelex Xobeh
Okawaru
Qazlal
Ru
Sif Muna
Trog
Uskayaw
Vehumet
Wu Jian
Xom
Yredelemnul
Zin
The Shining One
Beogh
Jiyva
Lugonu

Shops:
D }(!*

Annotations:
D exclusion: 4 doors


Innate Abilities, Weirdness & Mutations

You are agile. (Dex +2)
You are robust. (+10% HP)
Your muscles are strong. (Str +2)
Your spells are a little harder to cast, but a little more powerful.


Message History

Something stings you.
* * * LOW HITPOINT WARNING * * *
Unknown command.
You feel much better. Something hits you but does no damage.
Something hits you! Something stings you!
* * * LOW HITPOINT WARNING * * *
Something closely misses you. Something hits you.
* * * LOW HITPOINT WARNING * * *
Something stings you but does no damage.
Unknown command.
Magic courses through your body.
You feel you are being watched by something.
You feel your power leaking away. Something hits you.
* * * LOW HITPOINT WARNING * * *
You feel weakened. Something hits you!
* * * LOW HITPOINT WARNING * * *
Something stings you!
You die...

≈♣♣♣♣♣♣♣#..♣♣ ♣♣.##+# ≈♣
###'♣♣♣♣♣♣♣♣♣♣♣♣♣♣♣..# ###♣
♣♣♣♣.##..##≈≈≈≈≈≈..#..# ...♣♣
♣...##.##.#≈≈≈≈≈...#|.# ###+♣
♣♣♣.##.##(##'≈≈≈≈§####+# ....♣
♣.♣..#.##...#≈≈..§..§§§#
#####♣♣.♣♣.##.##.[#≈.(+#######
....P..♣♣♣.##.#####...#...).)#
P.............##@{....#♣♣♣._.#
##+#############+###### #####
▓..........PP▓#.♣
▓≈≈.......P≈≈▓#♣D
▓≈≈≈.P..PP≈≈≈▓ .♣
▓≈≈≈≈≈..≈≈≈≈≈▓ ♣.
▓≈≈≈≈≈≈≈≈≈≈≈≈▓ ♣♣
▓≈≈≈≈≈≈≈≈≈≈≈≈▓ ▓≈≈≈≈≈≈≈≈≈≈≈≈▓


There were no monsters in sight!

Vanquished Creatures
  Rupert (D)
  A deep elf blademaster (D)
  A kraken (D)
  Gastronok (D)
  2 dire elephants (D)
  A deep elf demonologist (D)
  A deep elf annihilator (D)
  2 deep elf death magi (D)
  Erolcha (D)
  3 alligator snapping turtles (D)
  4 death yaks (D)
  Urug (D)
  A spriggan druid (D)
  A death drake (D)
  A lindwurm (D)
  8 deep elf magi (D)
  2 orc sorcerers (D)
  2 elephants (D)
  2 black mambas (D)
  2 spiny frogs (D)
  A rime drake (D)
  A komodo dragon (D)
  A queen bee (D)
  3 wandering mushrooms (D)
  2 tyrant leeches (D)
  8 blink frogs (D)
  3 snapping turtles (D)
  A shadow (D)
  2 spriggans (D)
  5 redbacks (D)
  A spatial vortex (D)
  A hydra simulacrum (D)
  An orc warrior (D)
  A swamp drake (D)
  A black mamba simulacrum (D)
  A necrophage (D)
  5 two-headed ogres (D)
  A water elemental (D)
  A scorpion (D)
  32 killer bees (D)
  A jelly (D)
  3 orc priests (D)
  A wizard (D)
  3 orc wizards (D)
  Jessica (D)
  A necromancer (D)
  2 polar bear simulacra (D)
  A kobold demonologist (D)
  3 humans (D)
  An ooze (D)
  9 orcs (D)
  2 rats (D)
  A ballistomycete (D)
  A ballistomycete spore (D)
  A fungus (D)
  7 plants (D)
  A tentacle (D)
149 creatures vanquished.

Vanquished Creatures (others)
  2 draconian scorchers (D)
  Nessos (D)
  2 hydras (D)
  6 hellions (D)
  3 yaktaurs (D)
  A hornet (D)
  An electric eel (D)
  3 plants (D)
  7 tentacles (D)
26 creatures vanquished.

Grand Total: 175 creatures vanquished

Notes
Turn   | Place    | Note
-------+----------+-------------------------------------------
     0 | D        | Kidiri the Deep Elf Fire Elementalist began the quest for the Orb.
     0 | D        | Reached XP level 1. HP: 10/10 MP: 6/6
     4 | D        | Reached skill level 4 in Spellcasting
    63 | D        | Noticed Jessica
    68 | D        | Killed Jessica
    68 | D        | Reached skill level 6 in Spellcasting
    68 | D        | Reached XP level 2. HP: 15/15 MP: 3/11
    68 | D        | Reached XP level 3. HP: 19/19 MP: 3/12
    78 | D        | Killed a yaktaur
    81 | D        | Learned a level 2 spell: Throw Flame
    85 | D        | Learned a level 3 spell: Conjure Flame
    89 | D        | Learned a level 3 spell: Inner Flame
    89 | D        | Killed a hellion
    91 | D        | Killed a hellion
   110 | D        | Killed a hellion
   117 | D        | Killed a hellion
   119 | D        | Killed a hellion
   127 | D        | Killed a hellion
   147 | D        | Killed a yaktaur
   161 | D        | Killed a white draconian scorcher
   183 | D        | Noticed a scorpion
   190 | D        | Killed a scorpion
   190 | D        | Reached skill level 8 in Spellcasting
   190 | D        | Reached skill level 5 in Fire Magic
   190 | D        | Reached XP level 4. HP: 24/24 MP: 6/16
   196 | D        | Learned a level 4 spell: Sticky Flame
   217 | D        | Gained mutation: You are frail. (-10% HP) [potion of mutation]
   217 | D        | Lost mutation: You are frail. (-10% HP) [potion of mutation]
   218 | D        | Gained mutation: You are robust. (+10% HP) [potion of mutation]
   218 | D        | Gained mutation: You are partially covered in rugged brown scales. (AC +1, +3% HP) [potion of mutation]
   218 | D        | Gained mutation: You have supernaturally acute eyesight. (SInv) [potion of mutation]
   219 | D        | Lost mutation: You are partially covered in rugged brown scales. (AC +1, +3% HP) [potion of mutation]
   219 | D        | Lost mutation: You are robust. (+10% HP) [potion of mutation]
   219 | D        | Lost mutation: You have supernaturally acute eyesight. (SInv) [potion of mutation]
   219 | D        | Gained mutation: You are agile. (Dex +2) [potion of mutation]
   219 | D        | Gained mutation: Your spells are a little harder to cast, but a little more powerful. [potion of mutation]
   219 | D        | Gained mutation: Your muscles are strong. (Str +2) [potion of mutation]
   219 | D        | Gained mutation: You are robust. (+10% HP) [potion of mutation]
   294 | D        | Killed a white draconian scorcher
   307 | D        | Noticed a water elemental
   310 | D        | Killed a water elemental
   310 | D        | Reached skill level 10 in Spellcasting
   310 | D        | Reached skill level 5 in Conjurations
   310 | D        | Reached XP level 5. HP: 30/30 MP: 10/19
   317 | D        | Learned a level 5 spell: Fireball
   363 | D        | Found a radiant altar of Vehumet.
   364 | D        | Found a deep blue altar of Sif Muna.
   364 | D        | Found an ancient bone altar of Kikubaaqudgha.
   365 | D        | Paralysed by a wizard for 7 turns
   369 | D        | Noticed a hellwing
   399 | D        | Noticed an orange demon
   591 | D        | Became a worshipper of Vehumet
   601 | D        | Found a glowing silver altar of Zin.
   602 | D        | Found a glowing golden altar of the Shining One.
   602 | D        | Found a white marble altar of Elyvilon.
   602 | D        | Noticed a deep elf mage
   607 | D        | Killed a deep elf mage
   607 | D        | Reached skill level 5 in Dodging
   607 | D        | Reached skill level 12 in Spellcasting
   607 | D        | Reached XP level 6. HP: 31/39 MP: 13/23
   607 | D        | Reached XP level 7. HP: 35/44 MP: 14/25
   671 | D        | Found an ornate altar of the Wu Jian Council.
   671 | D        | Found a roughly hewn altar of Beogh.
   671 | D        | Found an iron altar of Okawaru.
   671 | D        | Found a bloodstained altar of Trog.
   671 | D        | Found a hide-covered altar of Uskayaw.
   671 | D        | Noticed a human
   671 | D        | Noticed a human
   677 | D        | Killed a human
   677 | D        | Reached skill level 13 in Spellcasting
   682 | D        | Killed a human
   682 | D        | Reached * piety under Vehumet
   682 | D        | Offered knowledge of Shock by Vehumet.
   856 | D        | Found a basalt altar of Yredelemnul.
   856 | D        | Found a shadowy altar of Dithmenos.
   856 | D        | Found a sacrificial altar of Ru.
   867 | D        | Reached XP level 8. HP: 43/50 MP: 13/27
   938 | D        | Reached ** piety under Vehumet
   938 | D        | Offered knowledge of Searing Ray by Vehumet.
   996 | D        | Found a blossoming altar of Fedhas.
   996 | D        | Found a stormy altar of Qazlal.
   996 | D        | Found a snail-covered altar of Cheibriados.
   996 | D        | Found a burning altar of Makhleb.
   996 | D        | Found a shimmering altar of Xom.
   997 | D        | Found a hazy altar of Hepliaklqana.
   997 | D        | Found an opulent altar of Gozag.
   997 | D        | Found a sparkling altar of Nemelex Xobeh.
   997 | D        | Found a corrupted altar of Lugonu.
   997 | D        | Found a viscous altar of Jiyva.
  1021 | D        | Reached skill level 14 in Spellcasting
  1129 | D        | Offered knowledge of Static Discharge by Vehumet.
  1129 | D        | Reached skill level 5 in Short Blades
  1138 | D        | Reached *** piety under Vehumet
  1307 | D        | Noticed a two-headed ogre
  1314 | D        | Killed a two-headed ogre
  1314 | D        | Offered knowledge of Force Lance by Vehumet.
  1367 | D        | Noticed a two-headed ogre
  1367 | D        | Noticed Erolcha
  1377 | D        | Killed Erolcha
  1377 | D        | Reached skill level 5 in Fighting
  1377 | D        | Reached skill level 5 in Armour
  1377 | D        | Reached skill level 15 in Spellcasting
  1377 | D        | Reached skill level 10 in Fire Magic
  1377 | D        | Reached XP level 9. HP: 59/59 MP: 13/30
  1379 | D        | Killed a two-headed ogre
  1382 | D        | Reached **** piety under Vehumet
  1704 | D        | Offered knowledge of Stone Arrow by Vehumet.
  1709 | D        | Learned a level 3 spell: Stone Arrow
  1787 | D        | Noticed a queen bee
  1788 | D        | Reached ***** piety under Vehumet
  1788 | D        | Offered knowledge of Airstrike by Vehumet.
  1788 | D        | Reached skill level 10 in Conjurations
  1795 | D        | Reached skill level 16 in Spellcasting
  1800 | D        | Reached ****** piety under Vehumet
  1802 | D        | Killed a queen bee
  1802 | D        | Reached XP level 10. HP: 29/66 MP: 9/32
  2047 | D        | Offered knowledge of Bolt of Fire by Vehumet.
  2058 | D        | Learned a level 6 spell: Bolt of Fire
  2165 | D        | Reached skill level 1 in Earth Magic
  2170 | D        | Killed a five-headed hydra
  2212 | D        | Found the +8 demon blade "Leech" {vamp, rN+ AC-3 EV-3}
  2213 | D        | Killed a six-headed hydra
  2213 | D        | Reached skill level 17 in Spellcasting
  2219 | D        | Offered knowledge of Conjure Ball Lightning by Vehumet.
  2284 | D        | Got a serpentine wooden ring
  2310 | D        | Identified the ring "Zirriob" {*Slow rPois rF+ rC+ Int+3} (You found it in the Dungeon)
  2345 | D        | Noticed a spiny frog
  2345 | D        | Noticed a spiny frog
  2347 | D        | Killed a spiny frog
  2349 | D        | Reached skill level 10 in Dodging
  2350 | D        | Killed a spiny frog
  2478 | D        | Offered knowledge of Bolt of Cold by Vehumet.
  2486 | D        | Learned a level 6 spell: Bolt of Cold
  2552 | D        | Noticed a lindwurm
  2555 | D        | Killed a lindwurm
  2555 | D        | Reached skill level 1 in Ice Magic
  2622 | D        | Noticed Urug
  2624 | D        | Killed Urug
  2624 | D        | Reached skill level 18 in Spellcasting
  2624 | D        | Reached XP level 11. HP: 73/73 MP: 23/35
  2724 | D        | Offered knowledge of Ozocubu's Refrigeration by Vehumet.
  2728 | D        | Reached skill level 5 in Earth Magic
  2792 | D        | Noticed Rupert
  2795 | D        | Killed Rupert
  2795 | D        | Reached skill level 19 in Spellcasting
  2795 | D        | Reached skill level 5 in Ice Magic
  2867 | D        | Noticed a death yak
  2868 | D        | Noticed a death yak
  2870 | D        | Noticed a death yak
  2870 | D        | Killed a death yak
  2870 | D        | Offered knowledge of Freezing Cloud by Vehumet.
  2871 | D        | Noticed a death yak
  2871 | D        | Killed a death yak
  2873 | D        | Killed a death yak
  2875 | D        | Killed a death yak
  2883 | D        | Learned a level 6 spell: Freezing Cloud
  2938 | D        | Noticed an azure jelly
  2938 | D        | Noticed an azure jelly
  2940 | D        | Reached skill level 1 in Air Magic
  2977 | D        | Offered knowledge of Poison Arrow by Vehumet.
  2977 | D        | Reached XP level 12. HP: 69/82 MP: 28/37
  2979 | D        | Noticed a kraken
  3133 | D        | Killed a kraken
  3133 | D        | Reached skill level 20 in Spellcasting
  3291 | D        | Noticed an alligator snapping turtle
  3291 | D        | Noticed an alligator snapping turtle
  3292 | D        | Noticed an alligator snapping turtle
  3308 | D        | Killed an alligator snapping turtle
  3436 | D        | Killed an alligator snapping turtle
  3523 | D        | Killed an alligator snapping turtle
  3597 | D        | Found Fuxkai's Gadget Shoppe.
  3597 | D        | Found Ycuiviv's Antique Weapon Boutique.
  3597 | D        | Found Ryhawiast's Distillery.
  3607 | D        | Got a barnacled rune of Zot
  3634 | D        | Noticed an azure jelly
  3634 | D        | Noticed an azure jelly
  3737 | D        | Noticed a dire elephant
  3737 | D        | Noticed a dire elephant
  3737 | D        | Noticed Gastronok
  3745 | D        | Killed a dire elephant
  3747 | D        | Killed a dire elephant
  3748 | D        | Killed Gastronok
  3748 | D        | Reached skill level 21 in Spellcasting
  4107 | D        | Killed Nessos
  4112 | D        | Found Huasox's Assorted Antiques.
  4113 | D        | Found a roughly hewn altar of Beogh.
  4114 | D        | Offered knowledge of Lehudib's Crystal Spear by Vehumet.
  4114 | D        | Offered knowledge of Fire Storm by Vehumet.
  4114 | D        | Offered knowledge of Shatter by Vehumet.
  4116 | D        | Reached skill level 5 in Air Magic
  4341 | D        | Bought a potion of lignification for 30 gold pieces
  4341 | D        | Bought a potion of heal wounds for 50 gold pieces
  4341 | D        | Bought a potion of heal wounds for 50 gold pieces
  4341 | D        | Bought a potion of flight for 30 gold pieces
  4341 | D        | Bought a potion of brilliance for 40 gold pieces
  4341 | D        | Bought a potion of agility for 40 gold pieces
  4459 | D        | Noticed a deep elf demonologist
  4517 | D        | Reached XP level 13. HP: 90/90 MP: 31/40
  4530 | D        | Learned a level 8 spell: Lehudib's Crystal Spear
  4558 | D        | Noticed a deep elf annihilator
  4576 | D        | Killed a deep elf demonologist
  4576 | D        | Reached skill level 10 in Armour
  4577 | D        | Noticed a deep elf death mage
  4582 | D        | Noticed a deep elf blademaster
  4584 | D        | Killed a deep elf death mage
  4584 | D        | Reached skill level 10 in Fighting
  4584 | D        | Reached skill level 10 in Earth Magic
  4585 | D        | Killed a deep elf annihilator
  4589 | D        | Noticed a deep elf death mage
  4745 | D        | Killed a deep elf death mage
  5519 | D        | Killed a deep elf blademaster
  5519 | D        | Reached skill level 22 in Spellcasting
  5519 | D        | Reached skill level 10 in Ice Magic
  5534 | D        | Got a scorched marble ring
  5535 | D        | Identified Sif Muna's Reference Book on Lightness
  5584 | D        | Got a warped falchion {slice}
  5597 | D        | Identified the +6 falchion of Zucyom {slice, *Noise rPois rN+ Str+7} (You took it off a deep elf death mage in the Dungeon)
  5734 | D        | Identified the ring of Zemumich {rElec rPois rF- MR+++ Str+4} (You found it in the Dungeon)
  5812 | D        | Learned a level 9 spell: Fire Storm
  5937 | D        | Found a blossoming altar of Fedhas.
  5937 | D        | Paralysed by a spriggan for 3 turns
  5975 | D        | Noticed a ghost moth
  5982 | D        | Slain by a ghost moth

Vault maps used:
D:        dungeon_sprint_mu

Skill      XL: |  1  2  3  4  5  6  7  8  9 10 11 12 13 |
---------------+----------------------------------------+-----
Spellcasting   | 6 8 10 12 13 15 16 18 19 21 22 | 22.3
Conjurations   | 3 4 5 7 8 9 10 11 12 13 14 | 14.3
Fire Magic     | 4 5 6 8 10 11 12 14 | 14.6
Fighting       | 2 3 5 6 7 8 9 10 | 10.3
Short Blades   | 3 4 6 7 8 |  8.4
Armour         | 2 3 5 6 7 8 9 10 | 10.4
Dodging        | 5 6 8 9 10 | 10.2
Earth Magic    | 4 7 9 10 | 10.6
Ice Magic      | 2 6 9 10 | 10.1
Air Magic      | 1 5 7 |  7.1
Stealth        | |  2.4

Action                   |  1- 3 |  4- 6 |  7- 9 | 10-12 | 13-15 || total
-------------------------+-------+-------+-------+-------+-------++-------
Melee: Dagger            |       |       |       |   120 |     2 ||   122
 Cast: Flame Tongue      |    16 |    10 |    91 |     7 |       ||   124
       Throw Flame       |     1 |     2 |       |     9 |       ||    12
       Conjure Flame     |       |     1 |     9 |     6 |       ||    16
       Sticky Flame      |       |     3 |     9 |     7 |     1 ||    20
       Inner Flame       |       |       |     9 |       |       ||     9
       Bolt of Fire      |       |       |       |    65 |    16 ||    81
       Bolt of Cold      |       |       |       |     3 |     6 ||     9
       Fireball          |       |       |       |     5 |     5 ||    10
       Stone Arrow       |       |       |       |     8 |       ||     8
       Freezing Cloud    |       |       |       |     3 |     1 ||     4
       Lehudib's Crystal |       |       |       |       |     5 ||     5
  Use: Potion            |       |     4 |       |       |     5 ||     9
       Scroll            |       |       |     1 |       |       ||     1
 Stab: Sleeping          |       |       |       |     1 |       ||     1
  Eat: Chunk             |       |       |     2 |     7 |       ||     9
       Royal jelly       |       |       |       |     2 |       ||     2
       Meat ration       |       |       |       |       |     1 ||     1
Armor: Robe              |       |    14 |       |     1 |       ||    15
       Troll leather arm |       |       |       |     5 |     4 ||     9
Dodge: Dodged            |     3 |    15 |    11 |    25 |    12 ||    66

Table legend:
 A = Spawn XP
 B = Non-spawn XP
 C = Spawn XP percentage of total XP
 D = Spawn monster count
 E = Non-spawn monster count
 F = Spawn count percentage of total count
 G = Total turns spent on level
                    A         B        C        D         E        F      G
               +---------+---------+-------+---------+---------+-------+---------
         Total |       0 |   48377 |   0.0 |       0 |     138 |   0.0 |  5982
               +---------+---------+-------+---------+---------+-------+---------
             D |       0 |   48377 |   0.0 |       0 |     138 |   0.0 |  5982
               +---------+---------+-------+---------+---------+-------+---------
